 Dungeon Crawl Stone Soup version 0.29.1-1-gd02db6906a (webtiles) character file.

Game seed: 16060990829927391374

93 sankara the Covered (level 4, 0/40 HPs)
             Began as a Minotaur Fighter on Oct 11, 2022.
             Was a Follower of Nemelex Xobeh.
             Slain by a gnoll
             ... wielding a +1 flail of holy wrath
             ... led by a gnoll bouda
              (4 damage)
             ... on level 2 of the Dungeon.
             The game lasted 00:04:40 (1996 turns).

sankara the Covered (Minotaur Fighter)              Turns: 1996, Time: 00:04:41

Health: 0/40       AC:  9    Str: 20    XL:     4   Next: 36%
Magic:  3/3        EV:  7    Int:  5    God:    Nemelex Xobeh [*.....]
Gold:   224        SH:  5    Dex: 12    Spells: 3/3 levels left

rFire   . . .      SeeInvis .   a - +0 war axe
rCold   . . .      Faith    .   c - +0 buckler
rNeg    . . .      Spirit   .   n - +0 chain mail
rPois   .          Reflect  .   (helmet restricted)
rElec   .          Harm     .   (no cloak)
rCorr   .          Rampage  .   (no gloves)
Will    .....                   (no boots)
Stlth   ..........              (no amulet)
HPRegen 0.13/turn               (no ring)
MPRegen 0.08/turn               (no ring)

@: no status effects
A: horns 2, retaliatory headbutt
a: Renounce Religion, Draw Escape, Draw Destruction, Draw Summoning


You were on level 2 of the Dungeon.
You worshipped Nemelex Xobeh.
Nemelex Xobeh was aware of your devotion.
You visited 1 branch of the dungeon, and saw 3 of its levels.

You collected 224 gold pieces.

Inventory:

Hand Weapons
 a - a +0 war axe (weapon)
 b - a +1 vorpal sling
 l - a +1 dagger of electrocution
Missiles
 g - a throwing net
 m - 25 stones (quivered)
 s - 4 poisoned darts
Armour
 c - a +0 buckler (worn)
 k - a scarf of harm
 n - a +0 chain mail (worn)
 x - a +0 scale mail
Scrolls
 h - 4 scrolls of teleportation {unknown}
 j - a scroll of noise {unknown}
 o - 4 scrolls of identify {unknown}
 p - a scroll of enchant armour {unknown}
 r - a scroll of vulnerability {unknown}
 u - a scroll of poison {unknown}
 v - a scroll of fear {unknown}
Potions
 d - a potion of might
 e - a potion of degeneration {unknown}
 f - a potion of resistance {unknown}
 i - a potion of flight {unknown}
 q - 2 potions of magic {unknown}
 t - a potion of cancellation {unknown}
 w - a potion of attraction {unknown}


   Skills:
 + Level 4.2 Fighting
 * Level 4.0 Axes
 + Level 4.3 Armour
 + Level 4.3 Shields


You had 3 spell levels left.
You didn't know any spells.
Your spell library contained the following spells:

 Spells                   Type           Power      Damage    Failure   Level
 Magic Dart               Conj           0%         1d3       100%        1
 Summon Small Mammal      Summ           0%         N/A       100%        1
 Call Imp                 Summ           0%         N/A       100%        2
 Call Canine Familiar     Summ           0%         N/A       100%        3
 Mephitic Cloud           Conj/Pois/Air  0%         N/A       100%        3
 Summon Guardian Golem    Hex/Summ       0%         N/A       100%        3


Dungeon Overview and Level Annotations

Branches:
Dungeon (3/15)

Altars:
Nemelex Xobeh
Okawaru


Innate Abilities, Weirdness & Mutations

You have a pair of horns on your head.
You reflexively headbutt those who attack you in melee.


Message History

The gnoll hits you with a +0 club.
You completely miss the gnoll. Your headbutt misses the gnoll.
The gnoll is almost dead.
You completely miss the gnoll. The gnoll barely misses you.
You furiously retaliate!
You headbutt the gnoll!
You kill the gnoll!
The gnoll hits you but does no damage. The gnoll hits you with a +0 club.
The gnoll barely misses you.
Your Axes skill increases to level 4!
The gnoll hits you with a +1 flail of holy wrath.
The gnoll hits you with a +0 club.
* * * LOW HITPOINT WARNING * * *
You climb upwards.
There is a stone staircase leading down here.
You hit the gnoll. Your headbutt misses the gnoll.
The gnoll is moderately wounded.
You hit the gnoll but do no damage. The gnoll closely misses you.
You furiously retaliate!
You headbutt the gnoll. The gnoll hits you but does no damage.
You barely miss the gnoll.
You headbutt the gnoll, but do no damage.
The gnoll is heavily wounded.
You hit the gnoll.
The gnoll hits you with a +1 flail of holy wrath.
* * * LOW HITPOINT WARNING * * *
The gnoll hits you with a +0 club.
* * * LOW HITPOINT WARNING * * *
You are too injured to fight recklessly!
You are too injured to fight recklessly!
You are too injured to fight recklessly!
You are too injured to fight recklessly!
You hit the gnoll.
The gnoll is almost dead.
You barely miss the gnoll.
The gnoll hits you with a +1 flail of holy wrath.
* * * LOW HITPOINT WARNING * * *
The gnoll hits you but does no damage.
The gnoll hits you with a +1 flail of holy wrath.
You die...
Your body disappears without a glow.

............##########..##.##...#
........................##....⌠..
............###########.#####...#
............### #.# ##'##
#####.........## #.# ##.##
########...# #.# #†[†#
##..########.### #.⌠.#
#..g..........# #...#
##.g@.......#.# ##<##
#########.##.# ### #....# ######


You could see 2 gnolls.

Vanquished Creatures
  2 gnolls (D:3)
  An adder (D:3)
  3 worms (D:2)
  A dart slug (D:1)
  5 orcs (D:3)
  6 ball pythons
  2 endoplasms
  2 giant cockroaches (D:1)
  5 goblins
  4 hobgoblins
  4 kobolds
  2 quokkas (D:1)
  6 bats
  2 frilled lizards (D:1)
  6 rats
51 creatures vanquished.

Notes
Turn   | Place    | Note
-------+----------+-------------------------------------------
     0 | D:1      | sankara the Minotaur Fighter began the quest for the Orb.
     0 | D:1      | Reached XP level 1. HP: 19/19 MP: 0/0
   219 | D:1      | Found a faded altar of an unknown god.
   238 | D:1      | Reached XP level 2. HP: 23/27 MP: 1/1
   785 | D:1      | Reached XP level 3. HP: 32/33 MP: 2/2
   857 | D:1      | Prayed at the altar of an unknown god.
   857 | D:1      | Became a worshipper of Nemelex Xobeh the Trickster
   857 | D:1      | Reached * piety under Nemelex Xobeh
  1722 | D:3      | Found an iron altar of Okawaru.
  1761 | D:3      | Reached XP level 4. HP: 36/40 MP: 3/3
  1996 | D:2      | Slain by a gnoll

Illustrated notes

Levels and vault maps discovered:
D:1:      minmay_arrival_open_corners, layout_loops_ring,
          nicolae_ecumenical_lake_church
D:2:      layout_basic, grunt_ministairs_5
D:3:      layout_basic, bloody_makhleb, marbit_many_paths

Skill      XL: |  1  2  3  4 |
---------------+-------------+-----
Axes           | 3 4 |  4.0
Fighting       | 4 |  4.2
Armour         | 4 |  4.3
Shields        | 4 |  4.3

Action                   |  1- 3 |  4- 6 || total
-------------------------+-------+-------++-------
Melee: War axe           |    89 |    12 ||   101
       Headbutt          |    14 |     2 ||    16
 Fire: Sling             |     3 |       ||     3
Armor: Scale mail        |    15 |       ||    15
       Chain mail        |    25 |     4 ||    29
Dodge: Dodged            |    30 |     5 ||    35
Block: Buckler           |    21 |     4 ||    25
